Map: Lost and Found LE

Players

Mana - Winner!

  • Race: Protoss Protoss
  • Spawn Location: 1:00

Neeb

  • Race: Protoss Protoss
  • Spawn Location: 7:00

Event: WCS Montreal 2018

VOD

Have the link to the VOD?

Description

Time

  • Played on: Sept. 7, 2018, 7:21 p.m.
  • Length: 12:05

All games in this series

Show
View Real Time Build Order
Export as new Build Order

Mana Protoss - Winner!

Build Orders:  

Get SALT Encoding   

  12  0:00  Probe  
  13  0:12  Probe  
  14  0:18  Pylon  
  14  0:24  Probe  
  15  0:32  Probe  
  15  0:39  Gateway  
  15  0:40  Probe  
  16  0:47  Assimilator  
  17  0:50  Probe  
  18  0:58  Probe  
  18  1:03  Assimilator  
  19  1:06  Probe  
  19  1:08  Gateway  
  20  1:17  Probe  
  21  1:26  Cybernetics Core  
  21  1:29  Probe  
  22  1:33  Pylon  
  22  1:41  Probe  
  23  1:53  Probe  
  24  2:03  Stalker, Sentry  
  24  2:05  Warp Gate  
  24  2:06  Probe  
  29  2:11  Pylon  
  29  2:30  Stalker  
  29  2:33  Stalker  
  33  2:50  Nexus  
  33  3:01  Probe  
  34  3:10  Stalker, Pylon  
  36  3:18  Stalker  
  36  3:21  Robotics Facility  
  38  3:38  Shield Battery  
  38  3:48  Shield Battery  
  36  3:49  Shield Battery  
  36  4:05  Immortal  
  36  4:07  Stalker x2  
  43  4:31  Adept  
  43  4:32  Adept  
  51  4:50  Immortal  
  51  4:51  Probe  
  52  5:05  Pylon  
  49  5:14  Probe  
  49  5:15  Pylon  
  49  5:18  Probe  
  50  5:22  Warp Prism, Probe  
  50  5:26  Probe  
  51  5:32  Probe  
  51  5:34  Sentry  
  51  5:35  Probe, Sentry  
  62  5:52  Gateway  
  62  5:54  Gateway  
  60  6:02  Stalker x2  
  64  6:05  Probe  
  65  6:13  Probe  
  65  6:18  Probe  
  59  6:25  Probe  
  59  6:27  Sentry  
  59  6:28  Adept  
  59  6:30  Probe  
  64  6:37  Probe  
  65  6:43  Pylon  
  65  6:45  Pylon  
  65  7:14  Stalker x2  
  65  7:15  Stalker x2  
  59  7:25  Immortal  
  59  7:37  Adept x3  
  59  7:38  Adept  
  61  7:51  Probe x2  
  61  7:56  Immortal  
  45  8:06  Stalker x3  
  45  8:08  Adept  
  51  8:17  Twilight Council  
  49  8:22  Probe x2  
  49  8:24  Assimilator  
  51  8:32  Sentry x2  
  51  8:33  Warp Prism  
  55  8:34  Resonating Glaives  
  55  8:38  Pylon  
  57  8:43  Probe x2  
  57  8:45  Adept  
  61  8:55  Probe  
  62  8:58  Adept  
  62  8:59  Adept  
  66  9:13  Adept x2  
  66  9:15  Immortal  
  72  9:34  Adept x4  
  80  9:55  Adept x4  
  88  10:18  Adept x3  
  94  10:21  Pylon  
  94  10:23  Pylon  
  94  10:27  Nexus  
  72  10:51  Adept x4  
  56  11:16  Adept x4  
  60  11:20  Immortal  
  50  11:45  Adept x4  
  50  11:46  Stargate  
  56  11:47  Stargate  
Show
View Real Time Build Order
Export as new Build Order

Neeb Protoss 

Build Orders:  

Get SALT Encoding   

  12  0:00  Probe  
  13  0:12  Probe  
  14  0:17  Pylon  
  14  0:24  Probe  
  15  0:34  Probe  
  15  0:36  Gateway  
  15  0:42  Probe  
  16  0:47  Assimilator  
  17  0:52  Probe  
  17  0:53  Assimilator  
  18  1:00  Probe  
  18  1:08  Probe  
  18  1:09  Gateway  
  20  1:18  Probe  
  21  1:25  Cybernetics Core  
  21  1:30  Probe  
  22  1:36  Pylon  
  22  1:42  Probe  
  23  1:55  Probe  
  24  2:01  Warp Gate  
  24  2:02  Stalker  
  24  2:03  Stalker  
  28  2:11  Pylon  
  28  2:31  Stalker  
  28  2:33  Stalker  
  32  2:57  Robotics Facility  
  32  2:58  Gateway  
  32  3:03  Stalker  
  32  3:05  Stalker  
  36  3:12  Pylon  
  36  3:24  Shield Battery  
  36  3:34  Warp Prism, Pylon  
  36  3:48  Pylon  
  36  4:00  Shield Battery  
  36  4:07  Stalker x3  
  41  4:31  Sentry  
  41  4:32  Sentry x2  
  47  4:42  Nexus  
  45  5:02  Immortal  
  41  5:08  Probe  
  46  5:20  Probe  
  41  5:24  Sentry x3  
  47  5:32  Immortal, Probe  
  48  5:42  Pylon  
  52  5:44  Probe  
  54  5:57  Adept  
  54  5:58  Adept  
  54  6:01  Probe  
  59  6:06  Adept  
  58  6:14  Warp Prism  
  58  6:20  Stalker  
  58  6:27  Stalker  
  60  6:34  Stalker  
  62  6:41  Probe x2  
  64  6:51  Adept  
  64  6:52  Adept  
  64  7:08  Stalker  
  64  7:11  Stalker  
  58  7:25  Stalker  
  45  7:48  Zealot  
  45  7:50  Probe x2  
  40  8:01  Probe x2  
  40  8:09  Probe  
  40  8:13  Probe  
  40  8:16  Pylon  
  40  8:17  Probe  
  40  8:18  Assimilator  
  42  8:20  Assimilator  
  42  8:22  Probe  
  44  8:27  Immortal, Pylon  
  44  8:28  Probe  
  49  8:34  Probe  
  49  8:41  Probe  
  51  8:45  Probe  
  52  8:53  Probe x2  
  53  8:59  Pylon, Robotics Bay  
  53  9:01  Gateway, Probe  
  54  9:05  Probe  
  54  9:06  Immortal  
  61  9:20  Stalker  
  61  9:23  Shield Battery  
  62  9:28  Shield Battery, Sentry  
  62  9:30  Probe  
  66  9:36  Stalker  
  66  9:37  Disruptor  
  70  10:00  Probe x2  
  70  10:03  Disruptor  
  67  10:16  Stalker  
  67  10:17  Stalker x2  
  67  10:20  Stalker  
  73  10:25  Gateway  
  73  10:28  Disruptor  
  69  10:51  Stalker x3  
  69  10:54  Stalker  
  63  11:09  Disruptor  
  51  11:18  Stalker  
  50  11:19  Zealot  
  50  11:20  Zealot  
  41  11:34  Stalker  
  41  11:39  Probe  
  41  11:42  Probe  
  40  11:47  Probe  
  40  11:51  Stalker  
  40  11:53  Stalker  
Tags
 
Add a new tag
Caveats
  • Supply blocks, unpowered buildings, or Contaminate may cause inaccurate times.
  • Supply counts are checked every 10 seconds.